Cogmind - Beta 9.6 --- EXPLORER MODE // 2020.05.15 @ 10:14:14 Player: Seabhag Result: Destroyed by Y-45 Defender with Heavy Assault Rifle Performance ------------- Evolutions (2) 1000 Regions Visited (5) 1000 Robots Destroyed (27) 135 Value Destroyed (838) 838 Prototype IDs (2) 40 Alien Tech Used (0) 0 Bonus (300) 300 TOTAL SCORE: 3313 Bonus ------- Aligned with FarCom 300 Cogmind --------- Core Integrity 0/550 Matter 300/300 Energy 100/100 System Corruption 0% Temperature Cool (9) Movement Core (300) Ox5 Location -8/Materials Parts ------- > --- POWER (2) -------- (None) > --- PROPULSION (3) --- (None) > --- UTILITY (4) ------ Large Storage Unit Signal Interpreter > --- WEAPON (3) ------- (None) > --- INVENTORY (10) --- Targeting Computer Supersonic Drone Bay (0/1) Peak State ------------ > --- POWER ------------ Ion Engine Light Nuclear Core > --- PROPULSION ------- Wheel Wheel > --- UTILITY ---------- Improved Heat Sink Large Storage Unit Signal Interpreter Trap Reconfigurator > --- WEAPON ----------- Beam Rifle Rocket Launcher > --- INVENTORY -------- Improved Aluminum Leg Targeting Computer Supersonic Drone Bay Assault Rifle Mining Laser [Rating: 25] Favorites ----------- Power Ion Engine Engine Ion Engine Power Core Light Nuclear Core Propulsion Wheel Leg Improved Aluminum Leg Wheel Wheel Utility Signal Interpreter Device Trap Reconfigurator Storage Large Storage Unit Processor Signal Interpreter Weapon EM Pulse Gun Energy Gun EM Pulse Gun Ballistic Gun Assault Rifle Launcher Rocket Launcher Special Weapon Mining Laser Build | -11 -10 -10 -10 -9 -8 ------- Run | Scr Mat Min Exi Min Mat Slots Evolved 5 | . 1 . . . 4 Power 1 | . 1 . . . . Propulsion 1 | . . . . . 1 Utility 2 | . . . . . 2 Weapon 1 | . . . . . 1 Parts Attached 25 | 8 6 . 3 . 8 Power 5 | 2 2 . . . 1 Engine 4 | 2 2 . . . . Core 1 | . . . . . 1 Reactor . | . . . . . . Propulsion 3 | 2 . . . . 1 Treads . | . . . . . . Leg 1 | . . . . . 1 Wheel 2 | 2 . . . . . Hover . | . . . . . . Flight . | . . . . . . Utility 9 | 2 2 . 3 . 2 Device 4 | . . . 2 . 2 Storage 3 | . 2 . 1 . . Processor 2 | 2 . . . . . Hackware . | . . . . . . Protection . | . . . . . . Artifact . | . . . . . . Weapon 8 | 2 2 . . . 4 Energy Gun 5 | 2 2 . . . 1 Energy Cannon . | . . . . . . Ballistic Gun 1 | . . . . . 1 Ballistic Cannon . | . . . . . . Launcher 1 | . . . . . 1 Special Weapon 1 | . . . . . 1 Impact Weapon . | . . . . . . Slashing Weapon . | . . . . . . Piercing Weapon . | . . . . . . Special Melee Weapon . | . . . . . . Unidentified Prototypes 2 | . . . 2 . . Parts Lost 14 | . . . . . 14 Power 3 | . . . . . 3 Propulsion 3 | . . . . . 3 Utility 2 | . . . . . 2 Weapon 6 | . . . . . 6 Highest Loss Streak 14 | . . . . . 14 Average Slot Usage (%) 95 | . 99 100 99 100 52 Engine 23 | . 25 25 25 25 4 Wheel 23 | . 25 25 25 25 6 Device 1 | . . . . . 12 Storage 9 | . 6 12 11 12 8 Processor 13 | . 17 12 12 12 8 Energy Gun 22 | . 24 25 25 25 1 Naked Turns . | . . . . . . Heaviest Build 35 | 9 30 30 30 30 35 Greatest Support 20 | 20 20 20 20 20 20 Greatest Overweight (x) 5 | . 1 1 1 1 5 Average Overweight (x) . | . . 1 . 1 2 Largest Inventory Capacity 10 | 4 10 10 10 10 10 Average Capacity 8 | 4 6 10 9 10 10 Most Carried 10 | 4 7 10 10 10 10 Average Carried 6 | 1 4 8 9 9 3 Final Capacity 10 | 4 10 10 10 10 10 Final Carried 10 | 4 5 10 10 10 2 Class Distribution -------------------- 100% | Hacker-Mutant Dominant Class ---------------- Hacker-Mutant | -10/Materials Hacker-Mutant | -10/Mines Hacker-Mutant | -10/Exiles Hacker-Mutant | -9/Mines Hacker-Mutant | -8/Materials Resources | -11 -10 -10 -10 -9 -8 ----------- Run | Scr Mat Min Exi Min Mat Matter Collected 541 | 250 90 . . 30 171 Remotely . | . . . . . . Salvage Created 840 | 43 273 219 . 30 275 Parts 53 | 3 19 15 . 2 14 Haulers Intercepted . | . . . . . . Recyclers Shooed . | . . . . . . Parts Field Recycled . | . . . . . . Retrieved Matter . | . . . . . . Parts Self-Destructed . | . . . . . . Prevented . | . . . . . . Kills | -11 -10 -10 -10 -9 -8 ------- Run | Scr Mat Min Exi Min Mat Combat Hostiles Destroyed 22 | 1 4 6 . 2 9 Guns 11 | 1 4 5 . 1 . AOE 11 | . . 1 . 1 9 Classes Destroyed 6 | 1 3 . . . 2 Recycler 1 | . 1 . . . . Operator 1 | . . . . . 1 Watcher 3 | . 3 . . . . Swarmer 6 | . 2 2 . 2 . Grunt 15 | 1 2 4 . . 8 Sentry 1 | . . . . . 1 Best Kill Streak 10 | 1 4 4 . 2 10 Combat Bots Only 9 | 1 3 4 . 2 9 Max Kills in Single Turn 2 | 1 2 1 . 1 2 Gunslinging . | . . . . . . Exploded 2 | . . 1 . 1 2 Melee . | . . . . . . Uniques/NPCs Destroyed . | . . . . . . Combat | -11 -10 -10 -10 -9 -8 -------- Run | Scr Mat Min Exi Min Mat Damage Taken 1504 | 6 59 49 . 9 1381 Core 573 | 6 5 9 . 3 550 Absorbed by Shields . | . . . . . . Core Remaining (%) 93 | 97 . . . 90 . Volleys Fired 55 | 1 13 14 . 2 25 Largest 2 | 2 2 2 . 2 2 Hottest 80 | 80 80 80 . 80 80 Shots Fired 91 | 2 26 28 . 4 31 Gun 77 | 2 26 28 . 4 17 Cannon . | . . . . . . Launcher 14 | . . . . . 14 Special . | . . . . . . Kinetic 11 | . . . . . 11 Thermal . | . . . . . . Explosive 14 | . . . . . 14 Electromagnetic 66 | 2 26 28 . 4 6 Robot Hit Streak 25 | 1 24 25 . 18 6 Robot Miss Streak 1 | . . 1 . . 1 Penetration Max . | . . . . . . Secondary Targets . | . . . . . . Shots Hit Robots 63 | 1 23 23 . 4 12 Core Hits 50 | 1 10 10 . 2 27 Critical Hits . | . . . . . . Critical Kills . | . . . . . . Critical Parts Destroyed . | . . . . . . Melee Attacks . | . . . . . . Impact . | . . . . . . Slashing . | . . . . . . Piercing . | . . . . . . Sneak Attacks . | . . . . . . Combat Hostiles . | . . . . . . Follow-up Attacks . | . . . . . . Damage Inflicted 1904 | 15 365 347 . 64 1113 Guns 830 | 15 365 276 . 35 139 Cannons . | . . . . . . Explosions 1066 | . . 71 . 29 966 Melee . | . . . . . . Ramming 8 | . . . . . 8 Kinetic 70 | . . . . . 70 Thermal 100 | . . 71 . 29 . Explosive 966 | . . . . . 966 Electromagnetic 760 | 15 365 276 . 35 69 Impact . | . . . . . . Slashing . | . . . . . . Piercing . | . . . . . . Highest Corruption . | . . . . . . Average Corruption . | . . . . . . Corruption Purged . | . . . . . . Overload Shots . | . . . . . . Overflow Damage 16 | . . 15 . . 1 Projectiles . | . . . . . . Explosions 16 | . . 15 . . 1 Melee . | . . . . . . Knockbacks . | . . . . . . Impact . | . . . . . . Kinetic . | . . . . . . Secondary . | . . . . . . Self-Inflicted Damage 3 | . . . . . 3 Shots . | . . . . . . Rammed 6 | . . . . . 6 Targets Rammed 7 | . . . . . 7 Kicked 1 | . . . . . 1 Crushed . | . . . . . . Highest Temperature 288 | 18 288 219 . 66 19 Average Temperature 86 | 12 104 86 . 34 12 Received Heat Transfer 1068 | 6 39 33 . . 990 Siege Activations . | . . . . . . Robots Corrupted . | . . . . . . Combat Hostiles . | . . . . . . Parts Fried 2 | . 2 . . . . Impact Corruptions . | . . . . . . Robots Melted . | . . . . . . Combat Hostiles . | . . . . . . Parts Melted . | . . . . . . Heat Transferred 150 | . . 100 . 50 . Parts Sabotaged . | . . . . . . Parts Stolen . | . . . . . . Parts Stripped . | . . . . . . Power Chain Reactions 3 | . . 2 . 1 . Missiles Intercepted . | . . . . . . Alert | -11 -10 -10 -10 -9 -8 ------- Run | Scr Mat Min Exi Min Mat Peak Influence 199 | 20 185 185 . 50 199 Average Influence 76 | 6 91 93 . 7 133 Maximum Alert Level . | . . . . . . Low Security (%) 100 | 100 100 100 . 100 100 Level 1 . | . . . . . . Level 2 . | . . . . . . Level 3 . | . . . . . . Level 4 . | . . . . . . Level 5 . | . . . . . . High Security . | . . . . . . Max Security . | . . . . . . Squads Dispatched 7 | . . . . . 7 Investigation . | . . . . . . Extermination . | . . . . . . Reinforcement 4 | . . . . . 4 Assault . | . . . . . . Garrison 3 | . . . . . 3 Intercept . | . . . . . . Construction Impeded . | . . . . . . Haulers Reinforced . | . . . . . . Stealth | -11 -10 -10 -10 -9 -8 --------- Run | Scr Mat Min Exi Min Mat Distress Signals 1 | . . . . . 1 Communications Jammed . | . . . . . . Distress Signals . | . . . . . . Times Spotted 38 | 1 9 8 . 2 18 Peak Tracking Total 7 | 1 2 2 . 2 7 Tactical Retreats 1 | . 1 . . . . Traps | -11 -10 -10 -10 -9 -8 ------- Run | Scr Mat Min Exi Min Mat Traps Triggered 1 | . 1 . . . . Indirectly . | . . . . . . Trap Hack Attempts . | . . . . . . Triggered . | . . . . . . Disarmed . | . . . . . . Reprogrammed . | . . . . . . Reused . | . . . . . . Traps Extracted . | . . . . . . Installed . | . . . . . . Triggered . | . . . . . . Machines | -11 -10 -10 -10 -9 -8 ---------- Run | Scr Mat Min Exi Min Mat Machines Disabled 1 | . . 1 . . . Max in Single Turn 1 | . . 1 . . . Machines Sabotaged . | . . . . . . Garrisons Compromised . | . . . . . . Overloaded Fab Kills . | . . . . . . Fab Network Shutdowns . | . . . . . . Hacking | -11 -10 -10 -10 -9 -8 --------- Run | Scr Mat Min Exi Min Mat Machines Accessed 11 | . 8 . 3 . . Terminals 6 | . 6 . . . . Fabricators . | . . . . . . Repair Stations . | . . . . . . Recycling Units 2 | . 2 . . . . Scanalyzers . | . . . . . . Garrison Access . | . . . . . . Total Hacks 38 | . 13 . 25 . . Successful 37 | . 12 . 25 . . Failed 1 | . 1 . . . . Catastrophic . | . . . . . . Database Lockouts . | . . . . . . Manual 1 | . . . 1 . . Terminals 9 | . 9 . . . . Fabricators . | . . . . . . Repair Stations . | . . . . . . Recycling Units 4 | . 4 . . . . Scanalyzers . | . . . . . . Garrison Access . | . . . . . . Terminal Hacks 34 | . 9 . 25 . . Record 27 | . 2 . 25 . . Branch Access Points 1 | . 1 . . . . Emergency Access Points 1 | . 1 . . . . Alert Level 1 | . 1 . . . . Locate Traps 2 | . 2 . . . . Maintenance Status 1 | . 1 . . . . Hauler Manifests 1 | . 1 . . . . Fabricator Hacks . | . . . . . . Repair Station Hacks . | . . . . . . Recycling Unit Hacks 3 | . 3 . . . . Report Inventory 1 | . 1 . . . . Retrieve Components 2 | . 2 . . . . Scanalyzer . | . . . . . . Garrison Access Hacks . | . . . . . . Unauthorized Hacks . | . . . . . . Terminals . | . . . . . . Fabricators . | . . . . . . Repair Stations . | . . . . . . Recycling Units . | . . . . . . Scanalyzers . | . . . . . . Garrison Access . | . . . . . . Data Cores Recovered . | . . . . . . Used . | . . . . . . Hacking Detections 3 | . 3 . . . . Full Trace Events 1 | . 1 . . . . Feedback Events . | . . . . . . Feedback Blocked . | . . . . . . Robot Schematics Acquired . | . . . . . . Robots Built . | . . . . . . Matter . | . . . . . . Time . | . . . . . . Total Robot Build Rating . | . . . . . . Part Schematics Acquired . | . . . . . . Parts Built . | . . . . . . Matter . | . . . . . . Time . | . . . . . . Total Part Build Rating . | . . . . . . Parts Repaired . | . . . . . . Time . | . . . . . . Parts Recycled . | . . . . . . Recycled Matter . | . . . . . . Retrieved Matter . | . . . . . . Retrieved Components 10 | . 10 . . . . Parts Scanalyzed . | . . . . . . Part Schematics Acquired . | . . . . . . Parts Damaged . | . . . . . . Bothacking | -11 -10 -10 -10 -9 -8 ------------ Run | Scr Mat Min Exi Min Mat Used RIF Installer . | . . . . . . Robots Hacked . | . . . . . . Non-combat . | . . . . . . Combat . | . . . . . . Robot Hacks Applied . | . . . . . . Relay Couplers Released . | . . . . . . Robots Rewired . | . . . . . . Allies Hacked . | . . . . . . Hacks Repelled . | . . . . . . Allies | -11 -10 -10 -10 -9 -8 -------- Run | Scr Mat Min Exi Min Mat Total Allies 1 | . . 1 . . . Largest Group 1 | . . 1 . . . Highest-Rated Group 31 | . . 31 . . . Highest-Rated Ally 31 | . . 31 . . . Total Orders . | . . . . . . Ally Attacks . | . . . . . . Total Damage . | . . . . . . Kills . | . . . . . . Allies Corrupted . | . . . . . . Allies Melted . | . . . . . . Intel | -11 -10 -10 -10 -9 -8 ------- Run | Scr Mat Min Exi Min Mat Robot Analysis Total . | . . . . . . Derelict Logs Recovered . | . . . . . . Drone Launches 1 | . . . 1 . . Drone Recoveries . | . . . . . . Exploration | -11 -10 -10 -10 -9 -8 ------------- Run | Scr Mat Min Exi Min Mat Turns Passed 1753 | 89 509 425 322 254 154 Spaces Moved 1610 | 81 530 401 317 233 48 Core 29 | 16 . . . . 13 Treads . | . . . . . . Legs 13 | . . . . . 13 Wheels 1568 | 65 530 401 317 233 22 Hover . | . . . . . . Flight . | . . . . . . Fastest Speed 50 | 50 80 90 80 90 90 Average Speed 89 | 74 84 90 89 90 165 Slowest Speed 300 | 80 90 90 90 90 300 Overloaded Moves . | . . . . . . Propulsion Burnouts . | . . . . . . Robots Hopped . | . . . . . . Cave-ins Triggered . | . . . . . . Exploration Rate (%) 62 | 7 82 82 47 99 55 Regions Visited 5 Branch Regions 3 Pre-discovered Areas . | . . . . . . Known Exits Taken 5 | 1 1 1 1 1 . Unknown Exits Taken . | . . . . . . Scrap Searched 1 | . . 1 . . . Spaces Dug . | . . . . . . Terrain Destroyed 31 | . . 3 . 6 22 Melee . | . . . . . . Projectile . | . . . . . . AOE 31 | . . 3 . 6 22 Actions | -11 -10 -10 -10 -9 -8 --------- Run | Scr Mat Min Exi Min Mat Total 1832 | 107 566 436 360 273 90 Wait 82 | 5 4 17 17 37 2 Move 1605 | 80 529 400 316 232 48 Hop . | . . . . . . Pick Up 39 | 12 9 5 12 1 . Fast Attach . | . . . . . . Attach 23 | 7 5 . 3 . 8 Detach 2 | . . . 2 . . Swap 2 | 1 1 . . . . Drop 17 | 1 5 . 10 1 . Fire 55 | 1 13 14 . 2 25 Melee . | . . . . . . Ram . | . . . . . . Kick 7 | . . . . . 7 Crush . | . . . . . . Escape Stasis . | . . . . . . Rewire . | . . . . . . Trap . | . . . . . . Miscellaneous . | . . . . . . Route ------- -11/Scrapyard -10/Materials (discovered 3 exits: *Mat x2 / *Min) -10/Mines (discovered 2 exits: *Mat / *Exi) -10/Exiles -9/Mines (discovered 2 exits: *Mat x2) -8/Materials (discovered 3 exits: *Fac x3) History --------- Turn | Location | Event 2 | -11/Scrapyard | Met Revision 17 54 | -11/Scrapyard | Identified exit to Materials 54 | -11/Scrapyard | Discovered exit to Materials (range 8) 90 | -11/Scrapyard | Entered Materials 90 | -10/Materials | Evolved 1 slot: Power x1 245 | -10/Materials | Identified exit to Materials 245 | -10/Materials | Discovered exit to Materials (range 15) 301 | -10/Materials | Build established: Hacker-Mutant 454 | -10/Materials | Discovered exit to Materials (range 16) 504 | -10/Materials | Identified exit to Mines 504 | -10/Materials | Discovered exit to Mines (range 5) 599 | -10/Materials | Entered Mines 606 | -10/Mines | Received a Rocket Launcher from a helpful Derelict 665 | -10/Mines | Discovered exit to Materials (range 10) 684 | -10/Mines | Received a Mining Laser from a helpful Derelict 766 | -10/Mines | Joined a pair of Derelicts in attacking an 0b10 outpost 1019 | -10/Mines | Deemed a non-threat by the Exiles lab entrance 1020 | -10/Mines | Identified exit to Exiles 1020 | -10/Mines | Discovered exit to Exiles (range 5) 1024 | -10/Mines | Entered Exiles 1036 | -10/Exiles | Identified exit to Mines 1036 | -10/Exiles | Discovered exit to Mines (range 15) 1050 | -10/Exiles | Met 8R-AWN 1068 | -10/Exiles | Met EX-HEX 1106 | -10/Exiles | Met EX-BIN 1124 | -10/Exiles | Aligned with FarCom system 1125 | -10/Exiles | Given EX-Vault access code 1161 | -10/Exiles | Opened EX-Vault 1174 | -10/Exiles | Found Prototype Device 1182 | -10/Exiles | Found Prototype Device 1183 | -10/Exiles | Identified Trap Reconfigurator 1184 | -10/Exiles | Identified Supersonic Drone Bay 1272 | -10/Exiles | Warned to stay clear of 0b10 Research branches 1346 | -10/Exiles | Stole two prototypes: Trap Reconfigurator, Supersonic Drone Bay 1346 | -10/Exiles | Entered Mines 1346 | -9/Mines | Accompanied by 1 ally 1413 | -9/Mines | Found a hidden stash of uninstalled traps 1453 | -9/Mines | Identified exit to Materials 1453 | -9/Mines | Discovered exit to Materials (range 8) 1569 | -9/Mines | Discovered exit to Materials (range 14) 1600 | -9/Mines | Entered Materials 1600 | -8/Materials | Accompanied by 1 ally 1600 | -8/Materials | Evolved 4 slots: Propulsion x1, Utility x2, Weapon x1 1614 | -8/Materials | Identified exit to Factory 1614 | -8/Materials | Discovered exit to Factory (range 48) 1616 | -8/Materials | Discovered exit to Factory (range 60) 1630 | -8/Materials | Discovered exit to Factory (range 72) 1660 | -8/Materials | Destroyed 9 combat bots 1718 | -8/Materials | Core integrity fell below 50% 1740 | -8/Materials | Core integrity fell below 20% 1754 | -8/Materials | Lost 14 parts (3p3n2u6w) 1754 | -8/Materials | Destroyed by Y-45 Defender with Heavy Assault Rifle Last Messages --------------- 01716_ Imp. Aluminum Leg destroyed. 01719_ U-05 Engineer lays Concrete. 01720_ U-05 Engineer builds a Wall. 01720_ Imp. Heat Sink destroyed. 01722_ R-06 Scavenger collects Lgt. Ion Engine. 01723_ R-06 Scavenger collects Terrain Scan Processor. 01723_ Trap Reconfigurator destroyed. 01724_ U-05 Engineer builds a Wall. 01726_ Acquired 4 matter. 01726_ R-06 Scavenger collects Wheel. 01728_ U-05 Engineer builds a Wall. 01728_ R-06 Scavenger collects Structural Scanner. 01729_ U-05 Engineer builds a Wall. 01732_ R-06 Scavenger destroyed. 01732_ R-06 Scavenger collects Tractor Beam. 01733_ R-06 Scavenger collects Lgt. Ion Engine. 01735_ R-06 Scavenger collects Wheel. 01736_ R-06 Scavenger collects Com. Wheel. 01741_ U-05 Engineer lays Concrete. 01749_ U-05 Engineer destroyed. Map ----- +----------------------------------------------------+ | # ???????????????# #######+##????????????????? | | # < ???????????????+ ##+#########/###?? | | # ???????????????# #?? | | + #??????????????# ! ???? | | # #??????????????# "" """ """ #????? | | # #??????????????# "T """"""""" #????? | | # ##????????????## "" """"" ###### | | ###+########## # | | + | | ###### ####+# | | #####+#######???## #????? | | ############## #??? ?????????# +????? | | ## #??????????#####+#####? ?????????## #????? | | ?# #??????????# = # ?????????# #????? | | ?# #??????????# """" # """ ?????????# #????? | | ?# #??????????# ""S"" # """ "????????# #????? | | ?# #??????????# "" "" # """ "????????# #????? | | ?# #??????????# # ???????# #????? | | ?# #??????????# # ! ]??????## ##???? | | ?# #??????????# ############### #???? | | ?# #??????????# # #???? | | ?# #??????????########### +???? | | ?# #?#######????????????# """ #???? | | ?# #?# ############## """"" #???? | | ## #?# """"" ###?? | | #?# Y % @ " "" #?? | | ## #?# |%* Y #T## #?? | | ?# #?# ############## g % ###? #?? | | ?# #?## ##????????????##### #????#?? | | ?# #??# #?????????????????# #??????? | | ?# #??# #?????????????????# g%= #??????? | | ?# #??# #?????????????????# Y Y !| #??????? | | ?# #??# #?????????????????# ! = #??????? | | ?# #??# #?????????????????# """ * #??????? | | ?# #### ########??####+#### "G ###????? | | ?# #??# """ #????? | | ?# #??# #????? | | ?# #??# #????? | | ?# """" """" #??# ##############+####????? | | ?# """" """" #??# ?????? # # #????? | | ?# """" """" #??#???#? # #????? | | ## ####h + """ # ## ""#????? | | #? """ ###?# T"#????? | | #??"""?????# ""#????? | | #??????????# #????? | | ###+###### ##############?+????????########????? | | ?????????# #?????????????? ????????????????????? | | ?????????# #?????????????# #???????????????????? | | ?????????# #??????######## #???????????????????? | | ?????????# #??????? /# #???????????????????? | +----------------------------------------------------+ Best States ------------- Heat Dissipation 45 Energy Generation 19 Energy Capacity 400 Matter Stores 300 Matter Capacity 300 Sight Range 16 Terrain Scan Density 60 Resistance: KI 35 Resistance: TH 35 Resistance: EX 35 Resistance: EM 35 Resistance: I 35 Resistance: S 35 Resistance: P 35 Evasion (%) 50 Offensive Hacking 20 Item Schematics ----------------- None Robot Schematics ------------------ None Fabricated ------------ Nothing Alien Tech Used ----------------- None Achievements -------------- Shopping List Challenges ------------ None Game ------ Seed CryofiberHardcellCharger Manual? 0 Play Time 00:32:34 Cumulative 7.2 hours Start 2020.05.15 @ 09:03:34 End 2020.05.15 @ 10:14:14 Sessions 1 Manual Loads 0 Difficulty Explorer Special Mode None Game No. 3 Rogue 0 Adventurer 0 Explorer 3 Win Type - Total 0 Types 0/0/0/0/0/0/0 Lore% 10 Gallery% 8 Achievement% 11 Wizard Run 0 Options --------- ASCII 0 Keyboard 0 Movement Numpad Keybinds 0 Fullscreen 0 Font 16/SmallcapsGlow Map View 76x50 Tactical HUD 1 Map Filters NONE Filters NONE Steam 0 RUN: 0a6eaa47-5ac1-4c8b-abd1-8f2600def8e7